 Dungeon Crawl Stone Soup version 0.26.0-16-gc1dbca0489 (webtiles) character file.

Game seed: 14935492435029171236

10393 zcampers the Cleaver (level 11, 0/148 HPs)
             Began as a Minotaur Berserker on Jan 21, 2021.
             Was a High Priest of Trog.
             Slain by Harold
             ... wielding a +0 glaive of protection
              (5 damage)
             ... on level 11 of the Dungeon.
             The game lasted 00:23:43 (9429 turns).

zcampers the Cleaver (Minotaur Berserker)           Turns: 9429, Time: 00:23:44

Health: 0/148      AC: 21    Str: 22    XL:     11   Next: 35%
Magic:  10/10      EV: 11    Int:  7    God:    Trog [*****.]
Gold:   582        SH:  0    Dex: 10    Spells: 10/10 levels left

rFire    + . .     SeeInvis .   q - +0 war axe
rCold    . . .     Faith    .   (no shield)
rNeg     . . .     Spirit   .   z - +0 plate armour
rPois    .         Reflect  .   (helmet restricted)
rElec    .         Harm     .   D - scarf {shadows}
rCorr    .         Rampage  .   c - +2 pair of gloves
Will     ++...                  (no boots)
Stlth    ..........             k - amulet of regeneration
HPRegen  0.74/turn              p - ring of willpower
MPRegen  0.12/turn              m - ring of willpower

@: berserking, very quick
A: retaliatory headbutt, horns 2, repulsion field 1, molten scales 1, fire
resistance 1, sense surroundings 1
a: Renounce Religion, Berserk, Trog's Hand, Brothers in Arms


You were on level 11 of the Dungeon.
You worshipped Trog.
Trog was extremely pleased with you.
You visited 1 branch of the dungeon, and saw 11 of its levels.
You visited the Abyss 1 time.
You also visited: Sewer.

You collected 965 gold pieces.
You spent 383 gold pieces at shops.

Inventory:

Hand Weapons
 e - a +2 flail of protection
 q - a +0 war axe (weapon)
Missiles
 j - 69 poisoned darts (quivered)
Armour
 c - a +2 pair of gloves (worn)
 x - the +0 buckler of Wah Uss {rF++ Will+ Int-5}
   (You bought it in a shop on level 5 of the Dungeon)

   It affects your intelligence (-5).
   It greatly protects you from fire.
   It affects your willpower, your defense against some magical effects.
 z - a +0 plate armour (worn)
 D - a scarf of shadows (worn)
Jewellery
 k - an amulet of regeneration (around neck)
 m - a ring of willpower (right hand)
 o - an uncursed ring of flight
 p - a ring of willpower (left hand)
Wands
 a - a wand of disintegration (20)
 l - a wand of enslavement (3)
 n - a wand of random effects (14)
 r - a wand of flame (10)
 t - a wand of polymorph (8)
 y - a wand of paralysis (10)
Scrolls
 f - 17 scrolls of identify
 g - a scroll of enchant armour
 h - 6 scrolls of teleportation
 i - 3 scrolls of enchant weapon
 u - a scroll of fear
 w - 3 scrolls of remove curse
Potions
 b - 2 potions of haste
 d - a potion of might
 s - a potion of berserk rage
 v - 2 potions of flight
 A - a potion of curing
 B - a potion of magic


   Skills:
 + Level 9.9 Fighting
 + Level 12.9(13.1) Axes
 + Level 3.7(9.3) Maces & Flails
 + Level 0.4 Throwing
 + Level 12.2 Armour
 + Level 5.8 Dodging
 + Level 1.5 Stealth
 + Level 2.0 Shields
 + Level 0.2 Evocations


You had 10 spell levels left.
You didn't know any spells.
Your spell library was empty.

Dungeon Overview and Level Annotations

Branches:
Dungeon (11/15)            Temple (0/1) D:4            Lair (0/6) D:8
    Orc (0/2) D:11          Sewer (visited)

Altars:
Ashenzari
Cheibriados
Dithmenos
Elyvilon
Fedhas
Gozag
Kikubaaqudgha
Nemelex Xobeh
Okawaru
Trog
Uskayaw
Vehumet
Yredelemnul
The Shining One

Shops:
D:5 =(*[!   D:10 !

Annotations:
D:6 3 runed translucent doors, Gadfly's ghost, novice DsMo
D:11 Harold; Sonja


Innate Abilities, Weirdness & Mutations

You reflexively headbutt those who attack you in melee.
You have a pair of horns on your head.
You are surrounded by a mild repulsion field. (EV +2)
You are partially covered in molten scales. (AC +2)
Your flesh is heat resistant. (rF+)
You passively map a small area around you.


Message History

You hit the manticore. The brown ugly thing trunk-slaps you.
* * * LOW HITPOINT WARNING * * *
You are splashed with acid!
* * * LOW HITPOINT WARNING * * *
You slash the brown ugly thing! You headbutt the brown ugly thing.
You kill the brown ugly thing!
Trog accepts your kill.
You hit the manticore.
You are too berserk!
You slash the manticore! You headbutt the manticore!
The manticore is severely wounded.
The manticore bites you!
* * * LOW HITPOINT WARNING * * *
The manticore claws you but does no damage. x2
Harold hits you but does no damage.
You slice the manticore!!
You kill the manticore!
Trog accepts your kill.
Harold hits you with a +0 glaive of protection.
You die...

...... ##.### ......* #>...#
,...... #....#
......#######...# *
#........#.# , +.....>....#
##### , , #.....+....# ....#
, #...@.###### ....# +
*#####@.....# ....# #......#
....# +, #......# ....#, , ,
#......# .##.# , *
*#......######
###'#################.......
.#......'....)[.....#.......#
.#....<.#...........#.......#
.#......#....##.....#.......#


You could see Harold.

Vanquished Creatures
  Snorg (D:11)
  A hydra (D:11)
  A two-headed ogre (D:11)
  2 ugly things (D:11)
  A manticore (D:11)
  A cyclops (D:10)
  Maurice (D:8)
  Psyche (D:8)
  A troll (D:10)
  3 yaks (D:9)
  An ice beast (D:11)
  A black bear (D:7)
  Purgy (Sewer)
  A phantom (D:6)
  5 sky beasts
  4 orc warriors
  4 centaurs
  6 ogres
  A big kobold (D:10)
  2 gnoll sergeants
  5 bullfrogs
  A wyvern skeleton (D:8)
  13 killer bees
  A howler monkey (D:6)
  2 quasits
  2 centaur skeletons
  7 orc priests
  7 hounds
  2 jellies
  An iguana (D:8)
  Jessica (D:2)
  12 orc wizards
  Natasha (thrice) (D:2)
  10 worker ants
  A hound zombie (D:11)
  A hound skeleton (D:6)
  17 gnolls
  17 adders
  4 river rats (D:4)
  2 shadow imps
  3 white imps
  An ufetubus (D:6)
  2 adder skeletons
  2 adder zombies
  8 worms
  3 dart slugs
  4 leopard geckos
  46 orcs
  4 giant cockroaches
  2 gnoll zombies (D:3)
  4 goblins
  5 hobgoblins
  7 jackals
  2 quokkas (D:2)
  9 bats
  4 frilled lizards
  13 kobolds
  15 rats
282 creatures vanquished.

Vanquished Creatures (collateral kills)
  An elephant (D:8)
  A yak (D:8)
  A basilisk (D:8)
  An adder (D:8)
  A jackal (D:8)
5 creatures vanquished.

Grand Total: 287 creatures vanquished

Notes
Turn   | Place    | Note
-------+----------+-------------------------------------------
     0 | D:1      | zcampers the Minotaur Berserker began the quest for the
                  | Orb.
     0 | D:1      | Reached XP level 1. HP: 19/19 MP: 0/0
   283 | D:1      | Reached XP level 2. HP: 24/27 MP: 1/1
   641 | D:1      | Reached XP level 3. HP: 32/33 MP: 2/2
  1073 | D:2      | Reached ** piety under Trog
  1096 | D:2      | Found a sparkling altar of Nemelex Xobeh.
  1099 | D:2      | Found an ancient bone altar of Kikubaaqudgha.
  1099 | D:2      | Found a glowing golden altar of the Shining One.
  1104 | D:2      | Found an iron altar of Okawaru.
  1177 | D:2      | Noticed Jessica
  1180 | D:2      | Killed Jessica
  1181 | D:2      | Reached XP level 4. HP: 41/41 MP: 3/3
  1260 | D:2      | Noticed Natasha
  1268 | D:2      | Killed Natasha
  1269 | D:2      | Reached skill level 5 in Axes
  1515 | D:2      | Noticed Natasha
  1521 | D:2      | Killed Natasha
  1522 | D:2      | Reached skill level 5 in Fighting
  1522 | D:2      | Reached XP level 5. HP: 43/48 MP: 4/4
  1651 | D:2      | Noticed Natasha
  1660 | D:2      | Killed Natasha
  1974 | D:3      | Reached XP level 6. HP: 56/56 MP: 5/5
  2151 | D:3      | Reached *** piety under Trog
  2257 | D:3      | Found a basalt altar of Yredelemnul.
  2312 | D:3      | Found a white marble altar of Elyvilon.
  2570 | D:4      | Found a staircase to the Ecumenical Temple.
  2709 | D:4      | Reached XP level 7. HP: 42/62 MP: 6/6
  2851 | D:4      | Found a glowing drain.
  2859 | Sewer    | Entered a sewer
  2888 | Sewer    | Noticed Purgy
  2898 | Sewer    | Killed Purgy
  2899 | Sewer    | Reached skill level 5 in Armour
  2899 | Sewer    | Reached skill level 1 in Shields
  3404 | D:5      | Entered Level 5 of the Dungeon
  3436 | D:5      | Found a broken altar of Ashenzari.
  3513 | D:5      | Found Jijagg's Antique Armour Boutique.
  3537 | D:5      | Bought a smoking buckler for 247 gold pieces
  3551 | D:5      | Identified the cursed +0 buckler of Wah Uss {rF++ Will+
                  | Int-5} (You bought it in a shop on level 5 of the Dungeon)
  3571 | D:5      | Found Vituazo's Distillery.
  3586 | D:5      | Reached XP level 8. HP: 71/71 MP: 7/7
  3609 | D:5      | Lost intelligence.
  3789 | D:5      | Found Ockoeg's Antique Weapon Shoppe.
  3856 | D:5      | Found Cemnuq's Jewellery Emporium.
  3862 | D:5      | Found Hielisep's General Store.
  4039 | D:6      | Reached **** piety under Trog
  4162 | D:6      | Found a blossoming altar of Fedhas.
  4194 | D:6      | Noticed Gadfly's ghost (novice DsMo)
  4223 | D:6      | Found a runed translucent gate.
  4223 | D:6      | Found a runed translucent gate.
  4223 | D:6      | Found a runed translucent gate.
  4246 | D:6      | Reached skill level 1 in Stealth
  5100 | D:7      | Found a shadowy altar of Dithmenos.
  5105 | D:7      | Found a radiant altar of Vehumet.
  5108 | D:7      | Found a hide-covered altar of Uskayaw.
  5122 | D:7      | HP: 3/109 [ogre/+0 giant club (8)]
  5124 | D:7      | Reached XP level 9. HP: 4/79 MP: 8/8
  5373 | D:7      | Reached skill level 10 in Axes
  5495 | D:7      | Found a snail-covered altar of Cheibriados.
  5789 | D:8      | Found a staircase to the Lair.
  5789 | D:8      | Noticed an elephant
  5827 | D:8      | Killed an elephant
  5985 | D:8      | Noticed Maurice
  6000 | D:8      | Killed Maurice
  6001 | D:8      | Reached skill level 5 in Dodging
  6127 | D:8      | Noticed Psyche
  6136 | D:8      | Killed Psyche
  6237 | D:8      | Reached skill level 10 in Armour
  6363 | D:8      | Reached XP level 10. HP: 88/88 MP: 9/9
  6817 | D:9      | Reached ***** piety under Trog
  6994 | D:9      | Noticed a moth of wrath
  6997 | D:9      | Found a bloodstained altar of Trog.
  7155 | D:10     | Entered Level 10 of the Dungeon
  7345 | D:10     | Found an opulent altar of Gozag.
  7374 | D:10     | Found Qupi's Distillery.
  7405 | D:10     | Gained mutation: You passively map a small area around you.
                  | [potion of mutation]
  7405 | D:10     | Gained mutation: Your body sometimes deteriorates upon
                  | taking damage. [potion of mutation]
  7405 | D:10     | Gained mutation: You are strong-willed. (Will+) [potion of
                  | mutation]
  7668 | D:10     | Bought a potion of mutation for 136 gold pieces
  7669 | D:10     | Lost mutation: You are strong-willed. (Will+) [potion of
                  | mutation]
  7669 | D:10     | Lost mutation: Your body sometimes deteriorates upon taking
                  | damage. [potion of mutation]
  7669 | D:10     | Gained mutation: You are surrounded by a mild repulsion
                  | field. (EV +2) [potion of mutation]
  7669 | D:10     | Gained mutation: You are partially covered in molten
                  | scales. (AC +2) [potion of mutation]
  7669 | D:10     | Gained mutation: Your flesh is heat resistant. (rF+)
                  | [potion of mutation]
  7843 | D:10     | Noticed a cyclops
  7862 | D:10     | Killed a cyclops
  8412 | D:11     | Noticed a cyan ugly thing
  8426 | D:11     | Killed a cyan ugly thing
  8539 | D:11     | Noticed Snorg
  8557 | D:11     | Killed Snorg
  8558 | D:11     | Reached skill level 1 in Maces & Flails
  8558 | D:11     | Reached XP level 11. HP: 97/97 MP: 10/10
  8582 | D:11     | Noticed a two-headed ogre
  8594 | D:11     | Killed a two-headed ogre
  8813 | D:11     | Noticed a six-headed hydra
  8822 | D:11     | Killed a six-headed hydra
  8995 | D:11     | Noticed Sonja
  9016 | D:11     | Cast into level 1 of the Abyss (Sonja)
  9082 | Abyss:1  | Noticed a large abomination
  9101 | Abyss:1  | Noticed a thrashing horror
  9121 | D:11     | Escaped the Abyss
  9388 | D:11     | Found a staircase to the Orcish Mines.
  9399 | D:11     | Noticed a brown ugly thing
  9402 | D:11     | Noticed Harold
  9426 | D:11     | Killed a brown ugly thing
  9427 | D:11     | HP: 4/148 [manticore (10)]
  9429 | D:11     | Slain by Harold

Illustrated notes

Levels and vault maps discovered:
D:1:      amcnicky_arrival_flooded_fountain, layout_rooms
D:2:      layout_loops_ring, minitemple, uniq_jessica, uniq_natasha
D:3:      layout_rooms, lemuel_zombie_altar_yredelemnul,
          nicolae_overflow_hidden_temple, st_stairs_11, due_unseen_surprise
D:4:      layout_basic, minmay_temple_entry_trees, lightli_sewer_entry_pipes
D:5:      layout_basic, ashenzari_conservatory_becter, serial_shops,
          nicolae_shop_temple_entry_statues_fountains, shop,
          nicolae_shop_temple_entry_statues_fountains,
          nicolae_shop_temple_entry_statues_fountains, shop_fountains,
          serial_park_tiny_2
D:6:      layout_cave_pools, gammafunk_ghost_icy, fedhas_altar_1
D:7:      layout_loops_ring, slow_altar_2, grunt_temple_overflow_diamond
D:8:      layout_gridville, david_lair_generic, uniq_psyche, uniq_maurice
D:9:      layout_cave_pools, tgw_trog
D:10:     layout_small_grid, serial_shops, shop, nicolae_gozag_seed_capital
D:11:     layout_gridville, orc_0_dummy, minmay_misc_feat_tower, uniq_sonja,
          uniq_snorg, uniq_harold

Skill      XL: |  1  2  3  4  5  6  7  8  9 10 11 |
---------------+----------------------------------+-----
Fighting       | 4 5 6 7 8 9 |  9.9
Axes           | 4 5 6 7 9 10 12 | 12.9
Armour         | 3 4 5 7 10 11 12 | 12.2
Dodging        | 3 4 5 |  5.8
Shields        | 1 2 |  2.0
Stealth        | 1 |  1.5
Maces & Flails | 1 3 |  3.7
Throwing       | |  0.4
Evocations     | |  0.2

Action                   |  1- 3 |  4- 6 |  7- 9 | 10-12 || total
-------------------------+-------+-------+-------+-------++-------
Melee: Hand axe          |    67 |    94 |    90 |   163 ||   414
       Headbutt          |     7 |    20 |    58 |    51 ||   136
       War axe           |       |    20 |   286 |    61 ||   367
       Flail             |       |       |       |    34 ||    34
Throw: Dart              |       |     1 |     3 |     5 ||     9
Invok: Berserk           |       |     4 |     3 |     4 ||    11
       Trog's Hand       |       |     2 |     3 |     5 ||    10
       Brothers in Arms  |       |       |     1 |     1 ||     2
Evoke: Wand              |       |       |     1 |       ||     1
  Use: Potion            |     4 |     3 |     5 |     5 ||    17
       Scroll            |     4 |     2 |     5 |     3 ||    14
Armor: Ring mail         |    30 |    40 |       |       ||    70
       Animal skin       |     1 |       |       |       ||     1
       Chain mail        |       |    15 |   257 |    94 ||   366
       Plate armour      |       |       |       |   155 ||   155
Dodge: Dodged            |    57 |    69 |   214 |   238 ||   578
Block: Buckler           |       |     2 |    19 |       ||    21
